Workbook

Sheet Cronograma_KORI
A2: Monto | B2: 5000 | D2: N° | E2: Fecha | F2: Saldo | G2: Capital | H2: Interes | I2: Seguro | J2: Cuota | K2: ITF estimado | L2: Total a Pagar | N2: Saldo Capital
A3: Fecha de Desmbolso | B3: 46156 | D3: =IF(Motor_KORI!A3>Cronograma_KORI!$B$4,"",Motor_KORI!A3) -> 1 | E3: =IF(D3>$B$4,"",Motor_KORI!D3) -> 46189 | F3: =B2 -> 5000 | G3: =J3-I3-H3 -> 236.4594 | H3: =IF(D3>$B$4,"",B2*Motor_KORI!G3) -> 208.8406 | I3: =IF(D3>$B$4,"",IF(MONTH(E3)=MONTH(E4),B2*2*Cronograma_KORI!$B$8,B2*Cronograma_KORI!$B$8)) -> 3.05 | J3: =IF(D3>$B$4,"",IF(D3=$B$4,F3+H3+I3,Motor_KORI!$M$3)) -> 448.35 | K3: =IF(D3>$B$4,"",$B$9*J3) -> 0 | L3: =IF(D3>$B$4,"",J3+K3) -> 448.35 | N3: =G3 -> 236.4594 | Q3: Fecha base cuota 1 | R3: =DATE(YEAR(EDATE(B3,R4)),MONTH(EDATE(B3,R4)),DAY(B6)) -> 46189
A4: Numero de Cuotas | B4: 15 | D4: =IF(Motor_KORI!A4>Cronograma_KORI!$B$4,"",Motor_KORI!A4) -> 2 | E4: =IF(D4>$B$4,"",Motor_KORI!D4) -> 46219 | F4: =IF(D4>$B$4,"",F3-G3) -> 4763.5406 | G4: =IF(D4>$B$4,"",J4-I4-H4) -> 264.90605 | H4: =IF(D4>$B$4,"",F4*Motor_KORI!G4) -> 180.53819 | I4: =IF(D4>$B$4,"",IF(MONTH(E4)=MONTH(E3),F4*0*Cronograma_KORI!$B$8,IF(MONTH(E4)=IFERROR(MONTH(E5),0),F4*2*Cronograma_KORI!$B$8,F4*Cronograma_KORI!$B$8))) -> 2.9057598 | J4: =IF(D4>$B$4,"",IF(D4=$B$4,F4+H4+I4,Motor_KORI!$M$3)) -> 448.35 | K4: =IF(D4>$B$4,"",$B$9*J4) -> 0 | L4: =IF(D4>$B$4,"",J4+K4) -> 448.35 | N4: =IF(D4>$B$4,"",G4+N3) -> 501.36545 | Q4: Factor Fecha | R4: =IF(R9=0,IF(R7>45,0,IF(AND(R7<46,R8<46),IF(MAX(R7:R8)=R7,1,0),"")),1) -> 1
A5: TEM usada | B5: =ROUND((1+B7)^(1/12)-1,4) -> 0.0379 | D5: =IF(Motor_KORI!A5>Cronograma_KORI!$B$4,"",Motor_KORI!A5) -> 3 | E5: =IF(D5>$B$4,"",Motor_KORI!D5) -> 46251 | F5: =IF(D5>$B$4,"",F4-G4) -> 4498.6345 | G5: =IF(D5>$B$4,"",J5-I5-H5) -> 263.51394 | H5: =IF(D5>$B$4,"",F5*Motor_KORI!G5) -> 182.09189 | I5: =IF(D5>$B$4,"",IF(MONTH(E5)=MONTH(E4),F5*0*Cronograma_KORI!$B$8,IF(MONTH(E5)=IFERROR(MONTH(E6),0),F5*2*Cronograma_KORI!$B$8,F5*Cronograma_KORI!$B$8))) -> 2.7441671 | J5: =IF(D5>$B$4,"",IF(D5=$B$4,F5+H5+I5,Motor_KORI!$M$3)) -> 448.35 | K5: =IF(D5>$B$4,"",$B$9*J5) -> 0 | L5: =IF(D5>$B$4,"",J5+K5) -> 448.35 | N5: =IF(D5>$B$4,"",G5+N4) -> 764.87939 | Q5: Con fecha 1 | R5: =DATE(YEAR(EDATE(B3,1)),MONTH(EDATE(B3,1)),DAY(B6)) -> 46189
A6: Dia de Pago | B6: 16 | D6: =IF(Motor_KORI!A6>Cronograma_KORI!$B$4,"",Motor_KORI!A6) -> 4 | E6: =IF(D6>$B$4,"",Motor_KORI!D6) -> 46281 | F6: =IF(D6>$B$4,"",F5-G5) -> 4235.1206 | G6: =IF(D6>$B$4,"",J6-I6-H6) -> 285.25551 | H6: =IF(D6>$B$4,"",F6*Motor_KORI!G6) -> 160.51107 | I6: =IF(D6>$B$4,"",IF(MONTH(E6)=MONTH(E5),F6*0*Cronograma_KORI!$B$8,IF(MONTH(E6)=IFERROR(MONTH(E7),0),F6*2*Cronograma_KORI!$B$8,F6*Cronograma_KORI!$B$8))) -> 2.5834236 | J6: =IF(D6>$B$4,"",IF(D6=$B$4,F6+H6+I6,Motor_KORI!$M$3)) -> 448.35 | K6: =IF(D6>$B$4,"",$B$9*J6) -> 0 | L6: =IF(D6>$B$4,"",J6+K6) -> 448.35 | N6: =IF(D6>$B$4,"",G6+N5) -> 1050.1349 | Q6: Con fecha 0 | R6: =DATE(YEAR(EDATE(B3,0)),MONTH(EDATE(B3,0)),DAY(B6)) -> 46158
A7: TEA usada | B7: 0.5627 | D7: =IF(Motor_KORI!A7>Cronograma_KORI!$B$4,"",Motor_KORI!A7) -> 5 | E7: =IF(D7>$B$4,"",Motor_KORI!D7) -> 46311 | F7: =IF(D7>$B$4,"",F6-G6) -> 3949.8651 | G7: =IF(D7>$B$4,"",J7-I7-H7) -> 296.24069 | H7: =IF(D7>$B$4,"",F7*Motor_KORI!G7) -> 149.69989 | I7: =IF(D7>$B$4,"",IF(MONTH(E7)=MONTH(E6),F7*0*Cronograma_KORI!$B$8,IF(MONTH(E7)=IFERROR(MONTH(E8),0),F7*2*Cronograma_KORI!$B$8,F7*Cronograma_KORI!$B$8))) -> 2.4094177 | J7: =IF(D7>$B$4,"",IF(D7=$B$4,F7+H7+I7,Motor_KORI!$M$3)) -> 448.35 | K7: =IF(D7>$B$4,"",$B$9*J7) -> 0 | L7: =IF(D7>$B$4,"",J7+K7) -> 448.35 | N7: =IF(D7>$B$4,"",G7+N6) -> 1346.3756 | Q7: Diferencia 1 | R7: =R5-B3 -> 33
A8: Seguro Desgravamen | B8: =IF(B10="NO",0,Tarifario_KORI!F2) -> 0.00061 | D8: =IF(Motor_KORI!A8>Cronograma_KORI!$B$4,"",Motor_KORI!A8) -> 6 | E8: =IF(D8>$B$4,"",Motor_KORI!D8) -> 46342 | F8: =IF(D8>$B$4,"",F7-G7) -> 3653.6244 | G8: =IF(D8>$B$4,"",J8-I8-H8) -> 302.94388 | H8: =IF(D8>$B$4,"",F8*Motor_KORI!G8) -> 143.17741 | I8: =IF(D8>$B$4,"",IF(MONTH(E8)=MONTH(E7),F8*0*Cronograma_KORI!$B$8,IF(MONTH(E8)=IFERROR(MONTH(E9),0),F8*2*Cronograma_KORI!$B$8,F8*Cronograma_KORI!$B$8))) -> 2.2287109 | J8: =IF(D8>$B$4,"",IF(D8=$B$4,F8+H8+I8,Motor_KORI!$M$3)) -> 448.35 | K8: =IF(D8>$B$4,"",$B$9*J8) -> 0 | L8: =IF(D8>$B$4,"",J8+K8) -> 448.35 | N8: =IF(D8>$B$4,"",G8+N7) -> 1649.3195 | Q8: Diferencia 0 | R8: =R6-B3 -> 2
A9: ITF | B9: 0 | D9: =IF(Motor_KORI!A9>Cronograma_KORI!$B$4,"",Motor_KORI!A9) -> 7 | E9: =IF(D9>$B$4,"",Motor_KORI!D9) -> 46372 | F9: =IF(D9>$B$4,"",F8-G8) -> 3350.6805 | G9: =IF(D9>$B$4,"",J9-I9-H9) -> 319.31529 | H9: =IF(D9>$B$4,"",F9*Motor_KORI!G9) -> 126.99079 | I9: =IF(D9>$B$4,"",IF(MONTH(E9)=MONTH(E8),F9*0*Cronograma_KORI!$B$8,IF(MONTH(E9)=IFERROR(MONTH(E10),0),F9*2*Cronograma_KORI!$B$8,F9*Cronograma_KORI!$B$8))) -> 2.0439151 | J9: =IF(D9>$B$4,"",IF(D9=$B$4,F9+H9+I9,Motor_KORI!$M$3)) -> 448.35 | K9: =IF(D9>$B$4,"",$B$9*J9) -> 0 | L9: =IF(D9>$B$4,"",J9+K9) -> 448.35 | N9: =IF(D9>$B$4,"",G9+N8) -> 1968.6348 | Q9: Cambio | R9: 1
A10: Cuenta con seguro? | B10: SI | D10: =IF(Motor_KORI!A10>Cronograma_KORI!$B$4,"",Motor_KORI!A10) -> 8 | E10: =IF(D10>$B$4,"",Motor_KORI!D10) -> 46403 | F10: =IF(D10>$B$4,"",F9-G9) -> 3031.3652 | G10: =IF(D10>$B$4,"",J10-I10-H10) -> 327.70841 | H10: =IF(D10>$B$4,"",F10*Motor_KORI!G10) -> 118.79246 | I10: =IF(D10>$B$4,"",IF(MONTH(E10)=MONTH(E9),F10*0*Cronograma_KORI!$B$8,IF(MONTH(E10)=IFERROR(MONTH(E11),0),F10*2*Cronograma_KORI!$B$8,F10*Cronograma_KORI!$B$8))) -> 1.8491328 | J10: =IF(D10>$B$4,"",IF(D10=$B$4,F10+H10+I10,Motor_KORI!$M$3)) -> 448.35 | K10: =IF(D10>$B$4,"",$B$9*J10) -> 0 | L10: =IF(D10>$B$4,"",J10+K10) -> 448.35 | N10: =IF(D10>$B$4,"",G10+N9) -> 2296.3432
D11: =IF(Motor_KORI!A11>Cronograma_KORI!$B$4,"",Motor_KORI!A11) -> 9 | E11: =IF(D11>$B$4,"",Motor_KORI!D11) -> 46434 | F11: =IF(D11>$B$4,"",F10-G10) -> 2703.6568 | G11: =IF(D11>$B$4,"",J11-I11-H11) -> 340.75047 | H11: =IF(D11>$B$4,"",F11*Motor_KORI!G11) -> 105.9503 | I11: =IF(D11>$B$4,"",IF(MONTH(E11)=MONTH(E10),F11*0*Cronograma_KORI!$B$8,IF(MONTH(E11)=IFERROR(MONTH(E12),0),F11*2*Cronograma_KORI!$B$8,F11*Cronograma_KORI!$B$8))) -> 1.6492307 | J11: =IF(D11>$B$4,"",IF(D11=$B$4,F11+H11+I11,Motor_KORI!$M$3)) -> 448.35 | K11: =IF(D11>$B$4,"",$B$9*J11) -> 0 | L11: =IF(D11>$B$4,"",J11+K11) -> 448.35 | N11: =IF(D11>$B$4,"",G11+N10) -> 2637.0936
D12: =IF(Motor_KORI!A12>Cronograma_KORI!$B$4,"",Motor_KORI!A12) -> 10 | E12: =IF(D12>$B$4,"",Motor_KORI!D12) -> 46462 | F12: =IF(D12>$B$4,"",F11-G11) -> 2362.9064 | G12: =IF(D12>$B$4,"",J12-I12-H12) -> 363.42895 | H12: =IF(D12>$B$4,"",F12*Motor_KORI!G12) -> 83.479676 | I12: =IF(D12>$B$4,"",IF(MONTH(E12)=MONTH(E11),F12*0*Cronograma_KORI!$B$8,IF(MONTH(E12)=IFERROR(MONTH(E13),0),F12*2*Cronograma_KORI!$B$8,F12*Cronograma_KORI!$B$8))) -> 1.4413729 | J12: =IF(D12>$B$4,"",IF(D12=$B$4,F12+H12+I12,Motor_KORI!$M$3)) -> 448.35 | K12: =IF(D12>$B$4,"",$B$9*J12) -> 0 | L12: =IF(D12>$B$4,"",J12+K12) -> 448.35 | N12: =IF(D12>$B$4,"",G12+N11) -> 3000.5226
D13: =IF(Motor_KORI!A13>Cronograma_KORI!$B$4,"",Motor_KORI!A13) -> 11 | E13: =IF(D13>$B$4,"",Motor_KORI!D13) -> 46493 | F13: =IF(D13>$B$4,"",F12-G12) -> 1999.4774 | G13: =IF(D13>$B$4,"",J13-I13-H13) -> 368.77525 | H13: =IF(D13>$B$4,"",F13*Motor_KORI!G13) -> 78.355071 | I13: =IF(D13>$B$4,"",IF(MONTH(E13)=MONTH(E12),F13*0*Cronograma_KORI!$B$8,IF(MONTH(E13)=IFERROR(MONTH(E14),0),F13*2*Cronograma_KORI!$B$8,F13*Cronograma_KORI!$B$8))) -> 1.2196812 | J13: =IF(D13>$B$4,"",IF(D13=$B$4,F13+H13+I13,Motor_KORI!$M$3)) -> 448.35 | K13: =IF(D13>$B$4,"",$B$9*J13) -> 0 | L13: =IF(D13>$B$4,"",J13+K13) -> 448.35 | N13: =IF(D13>$B$4,"",G13+N12) -> 3369.2978
D14: =IF(Motor_KORI!A14>Cronograma_KORI!$B$4,"",Motor_KORI!A14) -> 12 | E14: =IF(D14>$B$4,"",Motor_KORI!D14) -> 46524 | F14: =IF(D14>$B$4,"",F13-G13) -> 1630.7022 | G14: =IF(D14>$B$4,"",J14-I14-H14) -> 383.45168 | H14: =IF(D14>$B$4,"",F14*Motor_KORI!G14) -> 63.903589 | I14: =IF(D14>$B$4,"",IF(MONTH(E14)=MONTH(E13),F14*0*Cronograma_KORI!$B$8,IF(MONTH(E14)=IFERROR(MONTH(E15),0),F14*2*Cronograma_KORI!$B$8,F14*Cronograma_KORI!$B$8))) -> 0.99472832 | J14: =IF(D14>$B$4,"",IF(D14=$B$4,F14+H14+I14,Motor_KORI!$M$3)) -> 448.35 | K14: =IF(D14>$B$4,"",$B$9*J14) -> 0 | L14: =IF(D14>$B$4,"",J14+K14) -> 448.35 | N14: =IF(D14>$B$4,"",G14+N13) -> 3752.7495
D15: =IF(Motor_KORI!A15>Cronograma_KORI!$B$4,"",Motor_KORI!A15) -> 13 | E15: =IF(D15>$B$4,"",Motor_KORI!D15) -> 46554 | F15: =IF(D15>$B$4,"",F14-G14) -> 1247.2505 | G15: =IF(D15>$B$4,"",J15-I15-H15) -> 400.31838 | H15: =IF(D15>$B$4,"",F15*Motor_KORI!G15) -> 47.270793 | I15: =IF(D15>$B$4,"",IF(MONTH(E15)=MONTH(E14),F15*0*Cronograma_KORI!$B$8,IF(MONTH(E15)=IFERROR(MONTH(E16),0),F15*2*Cronograma_KORI!$B$8,F15*Cronograma_KORI!$B$8))) -> 0.76082279 | J15: =IF(D15>$B$4,"",IF(D15=$B$4,F15+H15+I15,Motor_KORI!$M$3)) -> 448.35 | K15: =IF(D15>$B$4,"",$B$9*J15) -> 0 | L15: =IF(D15>$B$4,"",J15+K15) -> 448.35 | N15: =IF(D15>$B$4,"",G15+N14) -> 4153.0679
D16: =IF(Motor_KORI!A16>Cronograma_KORI!$B$4,"",Motor_KORI!A16) -> 14 | E16: =IF(D16>$B$4,"",Motor_KORI!D16) -> 46584 | F16: =IF(D16>$B$4,"",F15-G15) -> 846.93209 | G16: =IF(D16>$B$4,"",J16-I16-H16) -> 415.73465 | H16: =IF(D16>$B$4,"",F16*Motor_KORI!G16) -> 32.098726 | I16: =IF(D16>$B$4,"",IF(MONTH(E16)=MONTH(E15),F16*0*Cronograma_KORI!$B$8,IF(MONTH(E16)=IFERROR(MONTH(E17),0),F16*2*Cronograma_KORI!$B$8,F16*Cronograma_KORI!$B$8))) -> 0.51662858 | J16: =IF(D16>$B$4,"",IF(D16=$B$4,F16+H16+I16,Motor_KORI!$M$3)) -> 448.35 | K16: =IF(D16>$B$4,"",$B$9*J16) -> 0 | L16: =IF(D16>$B$4,"",J16+K16) -> 448.35 | N16: =IF(D16>$B$4,"",G16+N15) -> 4568.8026
D17: =IF(Motor_KORI!A17>Cronograma_KORI!$B$4,"",Motor_KORI!A17) -> 15 | E17: =IF(D17>$B$4,"",Motor_KORI!D17) -> 46615 | F17: =IF(D17>$B$4,"",F16-G16) -> 431.19745 | G17: =IF(D17>$B$4,"",J17-I17-H17) -> 431.19745 | H17: =IF(D17>$B$4,"",F17*Motor_KORI!G17) -> 16.897668 | I17: =IF(D17>$B$4,"",IF(MONTH(E17)=MONTH(E16),F17*0*Cronograma_KORI!$B$8,IF(MONTH(E17)=IFERROR(MONTH(E18),0),F17*2*Cronograma_KORI!$B$8,F17*Cronograma_KORI!$B$8))) -> 0.26303044 | J17: =IF(D17>$B$4,"",IF(D17=$B$4,F17+H17+I17,Motor_KORI!$M$3)) -> 448.35814 | K17: =IF(D17>$B$4,"",$B$9*J17) -> 0 | L17: =IF(D17>$B$4,"",J17+K17) -> 448.35814 | N17: =IF(D17>$B$4,"",G17+N16) -> 5000
D18: =IF(Motor_KORI!A18>Cronograma_KORI!$B$4,"",Motor_KORI!A18) | E18: =IF(D18>$B$4,"",Motor_KORI!D18) | F18: =IF(D18>$B$4,"",F17-G17) | G18: =IF(D18>$B$4,"",J18-I18-H18) | H18: =IF(D18>$B$4,"",F18*Motor_KORI!G18) | I18: =IF(D18>$B$4,"",IF(MONTH(E18)=MONTH(E17),F18*0*Cronograma_KORI!$B$8,IF(MONTH(E18)=IFERROR(MONTH(E19),0),F18*2*Cronograma_KORI!$B$8,F18*Cronograma_KORI!$B$8))) | J18: =IF(D18>$B$4,"",IF(D18=$B$4,F18+H18+I18,Motor_KORI!$M$3)) | K18: =IF(D18>$B$4,"",$B$9*J18) | L18: =IF(D18>$B$4,"",J18+K18) | N18: =IF(D18>$B$4,"",G18+N17)
D19: =IF(Motor_KORI!A19>Cronograma_KORI!$B$4,"",Motor_KORI!A19) | E19: =IF(D19>$B$4,"",Motor_KORI!D19) | F19: =IF(D19>$B$4,"",F18-G18) | G19: =IF(D19>$B$4,"",J19-I19-H19) | H19: =IF(D19>$B$4,"",F19*Motor_KORI!G19) | I19: =IF(D19>$B$4,"",IF(MONTH(E19)=MONTH(E18),F19*0*Cronograma_KORI!$B$8,IF(MONTH(E19)=IFERROR(MONTH(E20),0),F19*2*Cronograma_KORI!$B$8,F19*Cronograma_KORI!$B$8))) | J19: =IF(D19>$B$4,"",IF(D19=$B$4,F19+H19+I19,Motor_KORI!$M$3)) | K19: =IF(D19>$B$4,"",$B$9*J19) | L19: =IF(D19>$B$4,"",J19+K19) | N19: =IF(D19>$B$4,"",G19+N18)
D20: =IF(Motor_KORI!A20>Cronograma_KORI!$B$4,"",Motor_KORI!A20) | E20: =IF(D20>$B$4,"",Motor_KORI!D20) | F20: =IF(D20>$B$4,"",F19-G19) | G20: =IF(D20>$B$4,"",J20-I20-H20) | H20: =IF(D20>$B$4,"",F20*Motor_KORI!G20) | I20: =IF(D20>$B$4,"",IF(MONTH(E20)=MONTH(E19),F20*0*Cronograma_KORI!$B$8,IF(MONTH(E20)=IFERROR(MONTH(E21),0),F20*2*Cronograma_KORI!$B$8,F20*Cronograma_KORI!$B$8))) | J20: =IF(D20>$B$4,"",IF(D20=$B$4,F20+H20+I20,Motor_KORI!$M$3)) | K20: =IF(D20>$B$4,"",$B$9*J20) | L20: =IF(D20>$B$4,"",J20+K20) | N20: =IF(D20>$B$4,"",G20+N19)
D21: =IF(Motor_KORI!A21>Cronograma_KORI!$B$4,"",Motor_KORI!A21) | E21: =IF(D21>$B$4,"",Motor_KORI!D21) | F21: =IF(D21>$B$4,"",F20-G20) | G21: =IF(D21>$B$4,"",J21-I21-H21) | H21: =IF(D21>$B$4,"",F21*Motor_KORI!G21) | I21: =IF(D21>$B$4,"",IF(MONTH(E21)=MONTH(E20),F21*0*Cronograma_KORI!$B$8,IF(MONTH(E21)=IFERROR(MONTH(E22),0),F21*2*Cronograma_KORI!$B$8,F21*Cronograma_KORI!$B$8))) | J21: =IF(D21>$B$4,"",IF(D21=$B$4,F21+H21+I21,Motor_KORI!$M$3)) | K21: =IF(D21>$B$4,"",$B$9*J21) | L21: =IF(D21>$B$4,"",J21+K21) | N21: =IF(D21>$B$4,"",G21+N20)
D22: =IF(Motor_KORI!A22>Cronograma_KORI!$B$4,"",Motor_KORI!A22) | E22: =IF(D22>$B$4,"",Motor_KORI!D22) | F22: =IF(D22>$B$4,"",F21-G21) | G22: =IF(D22>$B$4,"",J22-I22-H22) | H22: =IF(D22>$B$4,"",F22*Motor_KORI!G22) | I22: =IF(D22>$B$4,"",IF(MONTH(E22)=MONTH(E21),F22*0*Cronograma_KORI!$B$8,IF(MONTH(E22)=IFERROR(MONTH(E23),0),F22*2*Cronograma_KORI!$B$8,F22*Cronograma_KORI!$B$8))) | J22: =IF(D22>$B$4,"",IF(D22=$B$4,F22+H22+I22,Motor_KORI!$M$3)) | K22: =IF(D22>$B$4,"",$B$9*J22) | L22: =IF(D22>$B$4,"",J22+K22) | N22: =IF(D22>$B$4,"",G22+N21)
... D52: =IF(Motor_KORI!A52>Cronograma_KORI!$B$4,"",Motor_KORI!A52) | E52: =IF(D52>$B$4,"",Motor_KORI!D52) | F52: =IF(D52>$B$4,"",F51-G51) | G52: =IF(D52>$B$4,"",J52-I52-H52) | H52: =IF(D52>$B$4,"",F52*Motor_KORI!G52) | I52: =IF(D52>$B$4,"",IF(MONTH(E52)=MONTH(E51),F52*0*Cronograma_KORI!$B$8,IF(MONTH(E52)=IFERROR(MONTH(E53),0),F52*2*Cronograma_KORI!$B$8,F52*Cronograma_KORI!$B$8))) | J52: =IF(D52>$B$4,"",IF(D52=$B$4,F52+H52+I52,Motor_KORI!$M$3)) | K52: =IF(D52>$B$4,"",$B$9*J52) | L52: =IF(D52>$B$4,"",J52+K52) | N52: =IF(D52>$B$4,"",G52+N51)

Sheet Tarifario_KORI
A1: 1 | B1: =ROUND((1+C1)^(1/12)-1,4) -> 0.0209 | C1: 0.2817 | E1: PJ | F1: Seg Desg.
A2: 2 | B2: =ROUND((1+C2)^(1/12)-1,4) -> 0.0219 | C2: 0.2969 | E2: SI | F2: 0.00061
A3: 3 | B3: =ROUND((1+C3)^(1/12)-1,4) -> 0.0229 | C3: 0.3122 | E3: NO
A4: 4 | B4: =ROUND((1+C4)^(1/12)-1,4) -> 0.0239 | C4: 0.3277
A5: 5 | B5: =ROUND((1+C5)^(1/12)-1,4) -> 0.0249 | C5: 0.3433
A6: 6 | B6: =ROUND((1+C6)^(1/12)-1,4) -> 0.0259 | C6: 0.3591
A7: 7 | B7: =ROUND((1+C7)^(1/12)-1,4) -> 0.0269 | C7: 0.3751
A8: 8 | B8: =ROUND((1+C8)^(1/12)-1,4) -> 0.0279 | C8: 0.3913
A9: 9 | B9: =ROUND((1+C9)^(1/12)-1,4) -> 0.0289 | C9: 0.4076
A10: 10 | B10: =ROUND((1+C10)^(1/12)-1,4) -> 0.0299 | C10: 0.4241
A11: 11 | B11: =ROUND((1+C11)^(1/12)-1,4) -> 0.0309 | C11: 0.4408
A12: 12 | B12: =ROUND((1+C12)^(1/12)-1,4) -> 0.0319 | C12: 0.4576
A13: 13 | B13: =ROUND((1+C13)^(1/12)-1,4) -> 0.0329 | C13: 0.4747
A14: 14 | B14: =ROUND((1+C14)^(1/12)-1,4) -> 0.0339 | C14: 0.4919
A15: 15 | B15: =ROUND((1+C15)^(1/12)-1,4) -> 0.0349 | C15: 0.5093
... A40: 40 | B40: =ROUND((1+C40)^(1/12)-1,4) -> 0.0599 | C40: 1.0099

Sheet Motor_KORI
C1: Fecha base | D1: Cuota | E1: Dia | F1: dk | G1: Tasa | H1: 1+Tasa+seg | I1: Factor Desc. Ac.
A2: 0 | B2: =Cronograma_KORI!B3 -> 46156 | F2: =SUM(E3:E52) -> 459 | K2: Suma Fatores | M2: Valor de Cuota
A3: 1 | B3: =Cronograma_KORI!B3 -> 46156 | C3: =IF(A3<=Cronograma_KORI!$B$4,DATE(YEAR(EDATE(B3,1)),MONTH(EDATE(B3,1)),MIN(DAY(EOMONTH(EDATE(B3,1),0)),Cronograma_KORI!$B$6)),"") -> 46189 | D3: =IF(A3>Cronograma_KORI!$B$4,"",IF(WEEKDAY(C3)=1,C3+1,C3)) -> 46189 | E3: =IF(D3="","",D3-B3) -> 33 | F3: =IF(A3<Cronograma_KORI!$B$4+1,F2-E3,"") -> 426 | G3: =IF(E3="","",(1+Cronograma_KORI!$B$5)^(E3/30)-1) -> 0.04176812 | H3: =IF(G3="","",IF(MONTH(D3)=MONTH(D4),1+G3+2*Cronograma_KORI!$B$8,1+G3+Cronograma_KORI!$B$8)) -> 1.0423781 | I3: =IF(A3<Cronograma_KORI!$B$4+1,1/H3,"") -> 0.95934477 | K3: =SUM(I3:I52) -> 11.151992 | M3: =ROUND((Cronograma_KORI!B2/Motor_KORI!K3),2) -> 448.35
A4: 2 | B4: =IF(C3="","",C3) -> 46189 | C4: =IF(A4<=Cronograma_KORI!$B$4,DATE(YEAR(EDATE(B4,1)),MONTH(EDATE(B4,1)),MIN(DAY(EOMONTH(EDATE(B4,1),0)),Cronograma_KORI!$B$6)),"") -> 46219 | D4: =IF(A4>Cronograma_KORI!$B$4,"",IF(WEEKDAY(C4)=1,C4+1,C4)) -> 46219 | E4: =IF(D4="","",D4-D3) -> 30 | F4: =IF(A4<Cronograma_KORI!$B$4+1,F3-E4,"") -> 396 | G4: =IF(E4="","",(1+Cronograma_KORI!$B$5)^(E4/30)-1) -> 0.0379 | H4: =IF(G4="","",IF(MONTH(D3)=MONTH(D4),1+G4+0*Cronograma_KORI!$B$8,IF(MONTH(D4)=IFERROR(MONTH(D5),0),1+G4+2*Cronograma_KORI!$B$8,1+G4+Cronograma_KORI!$B$8))) -> 1.03851 | I4: =IF(A4<Cronograma_KORI!$B$4+1,I3/H4,"") -> 0.92377037
A5: 3 | B5: =IF(C4="","",C4) -> 46219 | C5: =IF(A5<=Cronograma_KORI!$B$4,DATE(YEAR(EDATE(B5,1)),MONTH(EDATE(B5,1)),MIN(DAY(EOMONTH(EDATE(B5,1),0)),Cronograma_KORI!$B$6)),"") -> 46250 | D5: =IF(A5>Cronograma_KORI!$B$4,"",IF(WEEKDAY(C5)=1,C5+1,C5)) -> 46251 | E5: =IF(D5="","",D5-D4) -> 32 | F5: =IF(A5<Cronograma_KORI!$B$4+1,F4-E5,"") -> 364 | G5: =IF(E5="","",(1+Cronograma_KORI!$B$5)^(E5/30)-1) -> 0.040477148 | H5: =IF(G5="","",IF(MONTH(D4)=MONTH(D5),1+G5+0*Cronograma_KORI!$B$8,IF(MONTH(D5)=IFERROR(MONTH(D6),0),1+G5+2*Cronograma_KORI!$B$8,1+G5+Cronograma_KORI!$B$8))) -> 1.0410871 | I5: =IF(A5<Cronograma_KORI!$B$4+1,I4/H5,"") -> 0.88731321
A6: 4 | B6: =IF(C5="","",C5) -> 46250 | C6: =IF(A6<=Cronograma_KORI!$B$4,DATE(YEAR(EDATE(B6,1)),MONTH(EDATE(B6,1)),MIN(DAY(EOMONTH(EDATE(B6,1),0)),Cronograma_KORI!$B$6)),"") -> 46281 | D6: =IF(A6>Cronograma_KORI!$B$4,"",IF(WEEKDAY(C6)=1,C6+1,C6)) -> 46281 | E6: =IF(D6="","",D6-D5) -> 30 | F6: =IF(A6<Cronograma_KORI!$B$4+1,F5-E6,"") -> 334 | G6: =IF(E6="","",(1+Cronograma_KORI!$B$5)^(E6/30)-1) -> 0.0379 | H6: =IF(G6="","",IF(MONTH(D5)=MONTH(D6),1+G6+0*Cronograma_KORI!$B$8,IF(MONTH(D6)=IFERROR(MONTH(D7),0),1+G6+2*Cronograma_KORI!$B$8,1+G6+Cronograma_KORI!$B$8))) -> 1.03851 | I6: =IF(A6<Cronograma_KORI!$B$4+1,I5/H6,"") -> 0.85440988
A7: 5 | B7: =IF(C6="","",C6) -> 46281 | C7: =IF(A7<=Cronograma_KORI!$B$4,DATE(YEAR(EDATE(B7,1)),MONTH(EDATE(B7,1)),MIN(DAY(EOMONTH(EDATE(B7,1),0)),Cronograma_KORI!$B$6)),"") -> 46311 | D7: =IF(A7>Cronograma_KORI!$B$4,"",IF(WEEKDAY(C7)=1,C7+1,C7)) -> 46311 | E7: =IF(D7="","",D7-D6) -> 30 | F7: =IF(A7<Cronograma_KORI!$B$4+1,F6-E7,"") -> 304 | G7: =IF(E7="","",(1+Cronograma_KORI!$B$5)^(E7/30)-1) -> 0.0379 | H7: =IF(G7="","",IF(MONTH(D6)=MONTH(D7),1+G7+0*Cronograma_KORI!$B$8,IF(MONTH(D7)=IFERROR(MONTH(D8),0),1+G7+2*Cronograma_KORI!$B$8,1+G7+Cronograma_KORI!$B$8))) -> 1.03851 | I7: =IF(A7<Cronograma_KORI!$B$4+1,I6/H7,"") -> 0.82272668
A8: 6 | B8: =IF(C7="","",C7) -> 46311 | C8: =IF(A8<=Cronograma_KORI!$B$4,DATE(YEAR(EDATE(B8,1)),MONTH(EDATE(B8,1)),MIN(DAY(EOMONTH(EDATE(B8,1),0)),Cronograma_KORI!$B$6)),"") -> 46342 | D8: =IF(A8>Cronograma_KORI!$B$4,"",IF(WEEKDAY(C8)=1,C8+1,C8)) -> 46342 | E8: =IF(D8="","",D8-D7) -> 31 | F8: =IF(A8<Cronograma_KORI!$B$4+1,F7-E8,"") -> 273 | G8: =IF(E8="","",(1+Cronograma_KORI!$B$5)^(E8/30)-1) -> 0.039187775 | H8: =IF(G8="","",IF(MONTH(D7)=MONTH(D8),1+G8+0*Cronograma_KORI!$B$8,IF(MONTH(D8)=IFERROR(MONTH(D9),0),1+G8+2*Cronograma_KORI!$B$8,1+G8+Cronograma_KORI!$B$8))) -> 1.0397978 | I8: =IF(A8<Cronograma_KORI!$B$4+1,I7/H8,"") -> 0.7912372
A9: 7 | B9: =IF(C8="","",C8) -> 46342 | C9: =IF(A9<=Cronograma_KORI!$B$4,DATE(YEAR(EDATE(B9,1)),MONTH(EDATE(B9,1)),MIN(DAY(EOMONTH(EDATE(B9,1),0)),Cronograma_KORI!$B$6)),"") -> 46372 | D9: =IF(A9>Cronograma_KORI!$B$4,"",IF(WEEKDAY(C9)=1,C9+1,C9)) -> 46372 | E9: =IF(D9="","",D9-D8) -> 30 | F9: =IF(A9<Cronograma_KORI!$B$4+1,F8-E9,"") -> 243 | G9: =IF(E9="","",(1+Cronograma_KORI!$B$5)^(E9/30)-1) -> 0.0379 | H9: =IF(G9="","",IF(MONTH(D8)=MONTH(D9),1+G9+0*Cronograma_KORI!$B$8,IF(MONTH(D9)=IFERROR(MONTH(D10),0),1+G9+2*Cronograma_KORI!$B$8,1+G9+Cronograma_KORI!$B$8))) -> 1.03851 | I9: =IF(A9<Cronograma_KORI!$B$4+1,I8/H9,"") -> 0.76189656
A10: 8 | B10: =IF(C9="","",C9) -> 46372 | C10: =IF(A10<=Cronograma_KORI!$B$4,DATE(YEAR(EDATE(B10,1)),MONTH(EDATE(B10,1)),MIN(DAY(EOMONTH(EDATE(B10,1),0)),Cronograma_KORI!$B$6)),"") -> 46403 | D10: =IF(A10>Cronograma_KORI!$B$4,"",IF(WEEKDAY(C10)=1,C10+1,C10)) -> 46403 | E10: =IF(D10="","",D10-D9) -> 31 | F10: =IF(A10<Cronograma_KORI!$B$4+1,F9-E10,"") -> 212 | G10: =IF(E10="","",(1+Cronograma_KORI!$B$5)^(E10/30)-1) -> 0.039187775 | H10: =IF(G10="","",IF(MONTH(D9)=MONTH(D10),1+G10+0*Cronograma_KORI!$B$8,IF(MONTH(D10)=IFERROR(MONTH(D11),0),1+G10+2*Cronograma_KORI!$B$8,1+G10+Cronograma_KORI!$B$8))) -> 1.0397978 | I10: =IF(A10<Cronograma_KORI!$B$4+1,I9/H10,"") -> 0.73273533
A11: 9 | B11: =IF(C10="","",C10) -> 46403 | C11: =IF(A11<=Cronograma_KORI!$B$4,DATE(YEAR(EDATE(B11,1)),MONTH(EDATE(B11,1)),MIN(DAY(EOMONTH(EDATE(B11,1),0)),Cronograma_KORI!$B$6)),"") -> 46434 | D11: =IF(A11>Cronograma_KORI!$B$4,"",IF(WEEKDAY(C11)=1,C11+1,C11)) -> 46434 | E11: =IF(D11="","",D11-D10) -> 31 | F11: =IF(A11<Cronograma_KORI!$B$4+1,F10-E11,"") -> 181 | G11: =IF(E11="","",(1+Cronograma_KORI!$B$5)^(E11/30)-1) -> 0.039187775 | H11: =IF(G11="","",IF(MONTH(D10)=MONTH(D11),1+G11+0*Cronograma_KORI!$B$8,IF(MONTH(D11)=IFERROR(MONTH(D12),0),1+G11+2*Cronograma_KORI!$B$8,1+G11+Cronograma_KORI!$B$8))) -> 1.0397978 | I11: =IF(A11<Cronograma_KORI!$B$4+1,I10/H11,"") -> 0.70469022
A12: 10 | B12: =IF(C11="","",C11) -> 46434 | C12: =IF(A12<=Cronograma_KORI!$B$4,DATE(YEAR(EDATE(B12,1)),MONTH(EDATE(B12,1)),MIN(DAY(EOMONTH(EDATE(B12,1),0)),Cronograma_KORI!$B$6)),"") -> 46462 | D12: =IF(A12>Cronograma_KORI!$B$4,"",IF(WEEKDAY(C12)=1,C12+1,C12)) -> 46462 | E12: =IF(D12="","",D12-D11) -> 28 | F12: =IF(A12<Cronograma_KORI!$B$4+1,F11-E12,"") -> 153 | G12: =IF(E12="","",(1+Cronograma_KORI!$B$5)^(E12/30)-1) -> 0.035329236 | H12: =IF(G12="","",IF(MONTH(D11)=MONTH(D12),1+G12+0*Cronograma_KORI!$B$8,IF(MONTH(D12)=IFERROR(MONTH(D13),0),1+G12+2*Cronograma_KORI!$B$8,1+G12+Cronograma_KORI!$B$8))) -> 1.0359392 | I12: =IF(A12<Cronograma_KORI!$B$4+1,I11/H12,"") -> 0.68024282
A13: 11 | B13: =IF(C12="","",C12) -> 46462 | C13: =IF(A13<=Cronograma_KORI!$B$4,DATE(YEAR(EDATE(B13,1)),MONTH(EDATE(B13,1)),MIN(DAY(EOMONTH(EDATE(B13,1),0)),Cronograma_KORI!$B$6)),"") -> 46493 | D13: =IF(A13>Cronograma_KORI!$B$4,"",IF(WEEKDAY(C13)=1,C13+1,C13)) -> 46493 | E13: =IF(D13="","",D13-D12) -> 31 | F13: =IF(A13<Cronograma_KORI!$B$4+1,F12-E13,"") -> 122 | G13: =IF(E13="","",(1+Cronograma_KORI!$B$5)^(E13/30)-1) -> 0.039187775 | H13: =IF(G13="","",IF(MONTH(D12)=MONTH(D13),1+G13+0*Cronograma_KORI!$B$8,IF(MONTH(D13)=IFERROR(MONTH(D14),0),1+G13+2*Cronograma_KORI!$B$8,1+G13+Cronograma_KORI!$B$8))) -> 1.0397978 | I13: =IF(A13<Cronograma_KORI!$B$4+1,I12/H13,"") -> 0.65420684
A14: 12 | B14: =IF(C13="","",C13) -> 46493 | C14: =IF(A14<=Cronograma_KORI!$B$4,DATE(YEAR(EDATE(B14,1)),MONTH(EDATE(B14,1)),MIN(DAY(EOMONTH(EDATE(B14,1),0)),Cronograma_KORI!$B$6)),"") -> 46523 | D14: =IF(A14>Cronograma_KORI!$B$4,"",IF(WEEKDAY(C14)=1,C14+1,C14)) -> 46524 | E14: =IF(D14="","",D14-D13) -> 31 | F14: =IF(A14<Cronograma_KORI!$B$4+1,F13-E14,"") -> 91 | G14: =IF(E14="","",(1+Cronograma_KORI!$B$5)^(E14/30)-1) -> 0.039187775 | H14: =IF(G14="","",IF(MONTH(D13)=MONTH(D14),1+G14+0*Cronograma_KORI!$B$8,IF(MONTH(D14)=IFERROR(MONTH(D15),0),1+G14+2*Cronograma_KORI!$B$8,1+G14+Cronograma_KORI!$B$8))) -> 1.0397978 | I14: =IF(A14<Cronograma_KORI!$B$4+1,I13/H14,"") -> 0.62916738
A15: 13 | B15: =IF(C14="","",C14) -> 46523 | C15: =IF(A15<=Cronograma_KORI!$B$4,DATE(YEAR(EDATE(B15,1)),MONTH(EDATE(B15,1)),MIN(DAY(EOMONTH(EDATE(B15,1),0)),Cronograma_KORI!$B$6)),"") -> 46554 | D15: =IF(A15>Cronograma_KORI!$B$4,"",IF(WEEKDAY(C15)=1,C15+1,C15)) -> 46554 | E15: =IF(D15="","",D15-D14) -> 30 | F15: =IF(A15<Cronograma_KORI!$B$4+1,F14-E15,"") -> 61 | G15: =IF(E15="","",(1+Cronograma_KORI!$B$5)^(E15/30)-1) -> 0.0379 | H15: =IF(G15="","",IF(MONTH(D14)=MONTH(D15),1+G15+0*Cronograma_KORI!$B$8,IF(MONTH(D15)=IFERROR(MONTH(D16),0),1+G15+2*Cronograma_KORI!$B$8,1+G15+Cronograma_KORI!$B$8))) -> 1.03851 | I15: =IF(A15<Cronograma_KORI!$B$4+1,I14/H15,"") -> 0.60583661
... A52: 50 | B52: =IF(C51="","",C51) | C52: =IF(A52<=Cronograma_KORI!$B$4,DATE(YEAR(EDATE(B52,1)),MONTH(EDATE(B52,1)),MIN(DAY(EOMONTH(EDATE(B52,1),0)),Cronograma_KORI!$B$6)),"") | D52: =IF(A52>Cronograma_KORI!$B$4,"",IF(WEEKDAY(C52)=1,C52+1,C52)) | E52: =IF(D52="","",D52-D51) | F52: =IF(A52<Cronograma_KORI!$B$4+1,F51-E52,"") | G52: =IF(E52="","",(1+Cronograma_KORI!$B$5)^(E52/30)-1) | H52: =IF(G52="","",IF(MONTH(D51)=MONTH(D52),1+G52+0*Cronograma_KORI!$B$8,IF(MONTH(D52)=IFERROR(MONTH(D53),0),1+G52+2*Cronograma_KORI!$B$8,1+G52+Cronograma_KORI!$B$8))) | I52: =IF(A52<Cronograma_KORI!$B$4+1,I51/H52,"")
